Map: Cyber Forest LE

Players

MCanning

  • Race: Protoss Protoss
  • Spawn Location: 11:00

Erik - Winner!

  • Race: Zerg Zerg
  • League: Master
  • Spawn Location: 5:00

Event: 2019 WCS Winter Americas

VOD

Have the link to the VOD?

Description

Time

  • Played on: Jan. 31, 2019, 5:27 p.m.
  • Length: 19:06

All games in this series

Show
View Real Time Build Order
Export as new Build Order

MCanning Protoss 

Build Orders: 1 Gate Expand 

Get SALT Encoding   

  12  0:00  Probe  
  13  0:12  Probe  
  14  0:20  Pylon  
  14  0:24  Probe  
  15  0:35  Probe  
  15  0:38  Gateway  
  16  0:43  Probe  
  16  0:48  Assimilator  
  17  0:52  Probe  
  18  1:04  Probe  
  19  1:21  Nexus  
  19  1:31  Cybernetics Core  
  19  1:34  Probe  
  20  1:42  Pylon  
  20  1:43  Probe  
  21  1:50  Assimilator  
  21  1:51  Probe  
  21  1:58  Warp Gate, Adept  
  21  2:01  Probe  
  25  2:13  Probe  
  26  2:25  Probe  
  26  2:27  Stalker  
  29  2:34  Robotics Facility  
  29  2:38  Probe x2  
  31  2:50  Probe  
  32  2:51  Gateway  
  32  2:57  Gateway  
  32  3:05  Gateway  
  32  3:10  Probe, Gateway  
  32  3:12  Warp Prism  
  33  3:15  Probe  
  34  3:24  Pylon  
  36  3:29  Probe, Pylon  
  37  3:41  Pylon  
  37  3:46  Stalker x2  
  41  3:52  Stalker  
  43  3:58  Probe  
  44  4:06  Stalker, Zealot  
  48  4:11  Zealot  
  48  4:12  Zealot  
  52  4:26  Stalker  
  52  4:28  Zealot  
  52  4:31  Zealot  
  58  4:33  Zealot x2  
  60  4:49  Stalker  
  60  4:51  Zealot x2  
  66  4:55  Zealot x2  
  66  4:56  Pylon  
  70  5:09  Probe x2  
  70  5:14  Assimilator, Immortal  
  68  5:16  Assimilator  
  68  5:18  Probe, Forge  
  72  5:21  Probe  
  72  5:26  Probe  
  72  5:28  Pylon  
  75  5:36  Probe  
  75  5:41  Probe  
  75  5:42  Twilight Council  
  77  5:48  Immortal  
  75  5:54  Probe  
  76  5:58  Sentry  
  78  6:06  Probe  
  78  6:09  Pylon  
  79  6:12  Pylon  
  79  6:14  Probe  
  79  6:18  Immortal  
  80  6:21  Shield Battery  
  80  6:25  Shield Battery  
  80  6:27  Zealot  
  80  6:32  Shield Battery  
  86  6:33  Sentry  
  86  6:36  Zealot  
  90  6:46  Probe  
  91  6:49  Pylon  
  91  6:53  Blink  
  91  6:54  Dark Shrine  
  91  6:55  Probe  
  92  7:11  Stargate  
  92  7:12  Stargate, Photon Cannon  
  88  7:19  Photon Cannon  
  88  7:22  Stalker x2  
  92  7:24  Stalker  
  94  7:36  Stalker  
  94  7:37  Probe  
  95  7:45  Robotics Bay  
  95  7:47  Phoenix x2  
  95  7:54  Pylon  
  99  8:01  Stalker  
  99  8:03  Probe  
  99  8:04  Phoenix  
  102  8:10  Fleet Beacon  
  104  8:19  Phoenix  
  106  8:27  Phoenix  
  108  8:36  Probe  
  108  8:39  Anion Pulse-Crystals  
  108  8:52  Phoenix  
  109  8:59  Probe  
  108  9:07  Probe  
  109  9:13  Phoenix  
  109  9:15  Probe  
  109  9:16  Nexus  
  110  9:17  Pylon  
  110  9:24  Phoenix  
  110  9:29  Robotics Bay  
  112  9:42  Nexus  
  109  9:54  Probe  
  100  10:04  Nexus  
  94  10:11  Probe  
  91  10:14  Pylon  
  91  10:16  Disruptor  
  91  10:19  Stalker x4  
  102  10:34  Robotics Facility  
  101  10:40  Disruptor  
  101  10:42  Stalker  
  106  11:02  Nexus  
  101  11:06  Pylon  
  98  11:14  Protoss Ground Weapons Level 1, Disruptor  
  98  11:23  Probe  
  102  11:26  Disruptor  
  102  11:27  Photon Cannon  
  102  11:29  Stalker x4, Shield Battery  
  110  11:39  Photon Cannon  
  113  11:41  Pylon  
  113  11:51  Observer  
  113  11:53  Assimilator, Disruptor  
  114  11:55  Assimilator  
  114  12:01  Probe  
  114  12:02  Probe  
  114  12:04  Warp Prism  
  114  12:07  Photon Cannon  
  119  12:16  Probe  
  119  12:20  Probe  
  121  12:27  Observer  
  120  12:35  Stalker x2  
  124  12:46  Pylon  
  124  12:47  Pylon  
  124  12:49  Zealot  
  126  12:52  Probe  
  126  12:56  Stalker x2  
  131  12:59  Probe  
  131  13:03  Disruptor  
  135  13:09  Stalker  
  135  13:11  Zealot  
  139  13:20  Zealot  
  139  13:30  Disruptor  
  130  13:37  Stalker x4  
  116  13:42  Zealot  
  104  14:01  Observer  
  104  14:03  Probe  
  104  14:04  Probe x2  
  108  14:13  Templar Archives  
  108  14:15  Probe  
  108  14:16  Probe x2  
  111  14:27  Probe  
  111  14:28  Probe  
  111  14:37  Probe  
  112  14:39  Probe  
  112  14:42  Probe  
  114  14:49  High Templar x2  
  114  14:50  High Templar x3  
  124  14:54  Archon x2  
  124  14:56  Psionic Storm  
  124  14:58  Probe  
  124  14:59  Photon Cannon  
  89  15:22  Probe  
  89  15:24  High Templar x2  
  89  15:25  High Templar x3  
  89  15:26  Charge  
  89  15:27  Probe  
  85  15:35  Probe  
  84  15:38  Probe  
  85  15:46  Immortal  
  89  15:53  Probe  
  90  15:59  Probe  
  90  16:03  High Templar x2  
  94  16:07  Archon  
  94  16:08  Zealot x2  
  98  16:12  High Templar  
  100  16:21  Immortal  
  102  16:34  High Templar x2  
  102  16:39  Archon  
  106  16:40  Zealot  
  102  16:47  High Templar  
  104  16:57  Nexus  
  104  16:58  Immortal, High Templar  
  106  17:06  Observer  
  110  17:20  Pylon  
  110  17:23  Zealot x3  
  110  17:24  Warp Prism  
  110  17:26  High Templar  
  116  17:47  Zealot x2  
  118  17:55  Photon Cannon  
  118  17:56  Shield Battery  
  118  17:58  Zealot  
  118  18:00  Zealot  
  112  18:26  Stalker x5  
  118  18:39  Probe  
  93  18:51  Stalker  
  93  18:52  Stalker x3  
  93  18:53  Stalker  
Show
View Real Time Build Order
Export as new Build Order

Erik Zerg - Winner!

Build Orders: Hatch First 

Get SALT Encoding   

  12  0:01  Drone  
  13  0:12  Overlord  
  13  0:17  Drone  
  14  0:31  Drone x2  
  16  0:49  Hatchery  
  15  0:52  Drone  
  15  0:55  Drone  
  17  0:58  Drone  
  18  1:09  Extractor  
  17  1:14  Spawning Pool  
  17  1:17  Drone  
  17  1:20  Drone  
  18  1:28  Drone  
  19  1:39  Overlord  
  19  2:01  Queen x2  
  19  2:02  Zergling x6  
  26  2:10  Metabolic Boost  
  26  2:14  Drone x2  
  28  2:22  Drone  
  29  2:23  Drone  
  30  2:38  Hatchery  
  30  2:41  Drone  
  30  2:43  Drone  
  31  2:47  Overlord  
  31  2:49  Drone  
  34  2:58  Drone x2  
  33  3:08  Drone x2  
  33  3:10  Drone x3  
  33  3:11  Drone  
  39  3:19  Drone x4  
  43  3:29  Roach Warren  
  43  3:32  Lair  
  42  3:35  Extractor  
  42  3:36  Extractor  
  42  3:38  Overlord  
  42  3:39  Drone  
  41  3:42  Drone  
  41  3:45  Drone x2  
  44  3:50  Queen  
  44  3:55  Overlord  
  46  4:00  Zergling x6  
  49  4:10  Roach x3  
  49  4:11  Roach  
  57  4:21  Roach x4  
  65  4:27  Overlord  
  65  4:37  Overlord  
  62  4:47  Roach x2  
  62  4:48  Overlord  
  62  4:49  Overlord  
  66  4:53  Spine Crawler x2  
  66  4:57  Roach  
  66  5:03  Evolution Chamber  
  66  5:06  Evolution Chamber  
  64  5:10  Roach  
  64  5:11  Roach  
  68  5:16  Extractor, Spire  
  66  5:21  Overlord x2  
  65  5:42  Roach x6  
  77  5:47  Overlord  
  77  5:51  Overlord  
  77  5:59  Overlord  
  76  6:10  Drone x4  
  76  6:11  Drone x2  
  82  6:12  Drone  
  83  6:22  Overlord  
  83  6:32  Ravager x2  
  85  6:33  Ravager  
  85  6:37  Overlord  
  86  6:44  Mutalisk x4  
  94  6:52  Mutalisk x2  
  98  7:00  Drone x3  
  98  7:01  Drone  
  102  7:04  Overlord  
  102  7:19  Overlord  
  101  7:35  Glial Reconstitution  
  100  7:38  Mutalisk x4  
  108  7:44  Hatchery  
  108  7:47  Overlord  
  108  7:48  Overseer  
  107  7:55  Roach x5  
  107  7:58  Roach  
  119  8:06  Overlord  
  119  8:08  Roach x2  
  123  8:19  Overlord  
  123  8:20  Roach x3  
  129  8:27  Drone x4  
  133  8:38  Overlord  
  133  8:41  Zerg Flyer Weapons Level 1  
  133  8:50  Overlord  
  133  8:54  Drone x2  
  133  8:55  Hydralisk Den  
  134  9:00  Roach x6  
  146  9:11  Overlord  
  146  9:21  Roach x2  
  146  9:22  Roach x4  
  156  9:35  Grooved Spines  
  156  9:45  Hydralisk x7  
  152  9:50  Zerg Missile Weapons Level 1  
  164  9:54  Extractor  
  148  10:08  Hydralisk x3  
  151  10:16  Overlord  
  145  10:22  Drone x8  
  145  10:36  Hydralisk x4  
  151  10:47  Muscular Augments  
  151  10:49  Drone x3  
  152  10:50  Spore Crawler  
  152  10:51  Spore Crawler x2  
  152  10:54  Spore Crawler x2  
  142  11:10  Drone x7  
  147  11:14  Hydralisk  
  147  11:15  Hydralisk  
  147  11:25  Extractor  
  147  11:26  Infestation Pit  
  147  11:31  Overseer  
  145  11:38  Hydralisk x6  
  155  11:52  Overlord x3  
  155  11:58  Overlord x2  
  155  12:15  Hive  
  155  12:18  Spine Crawler  
  155  12:19  Drone x3  
  155  12:21  Overlord  
  159  12:23  Roach x3  
  163  12:30  Hatchery  
  163  12:36  Zergling x18  
  163  12:41  Queen  
  163  12:49  Zergling x10  
  168  13:01  Zerg Missile Weapons Level 2, Zerg Melee Weapons Level 1  
  167  13:13  Overlord  
  167  13:14  Zergling x8  
  167  13:15  Zergling x6  
  164  13:32  Hydralisk x5  
  139  13:40  Viper x3  
  137  13:46  Zergling x6  
  137  13:47  Zergling x4  
  124  13:57  Queen  
  124  14:02  Hydralisk x3  
  122  14:03  Hydralisk  
  118  14:11  Viper  
  118  14:12  Viper x2  
  118  14:15  Overseer  
  127  14:24  Hydralisk x4  
  127  14:30  Zergling x8  
  138  14:31  Zergling x2  
  138  14:46  Zergling x20  
  138  14:52  Overseer  
  148  14:57  Hydralisk  
  148  14:58  Hydralisk x3  
  130  15:18  Hydralisk x7  
  132  15:28  Zergling x14  
  139  15:44  Zergling x14  
  139  15:45  Zergling x2  
  147  15:52  Zerg Melee Weapons Level 2  
  147  15:53  Zerg Missile Weapons Level 3  
  146  16:10  Drone, Baneling Nest  
  146  16:11  Drone x5  
  149  16:12  Drone x2  
  152  16:19  Drone x2  
  152  16:21  Greater Spire  
  154  16:26  Extractor  
  154  16:27  Extractor, Spine Crawler  
  151  16:35  Hatchery  
  140  16:48  Corruptor x5  
  150  16:58  Adrenal Glands  
  149  17:21  Lurker Den  
  148  17:35  Brood Lord x5  
  158  17:43  Corruptor x4  
  166  17:47  Spine Crawler  
  164  17:54  Zergling x22  
  168  18:13  Pneumatized Carapace  
  168  18:19  Brood Lord x4  
  156  18:26  Zergling x2  
  157  18:27  Zergling x14  
Tags
 
Add a new tag
Caveats
  • Supply blocks, unpowered buildings, or Contaminate may cause inaccurate times.
  • Supply counts are checked every 10 seconds.